 Dungeon Crawl Stone Soup version 0.21.1-1-g345015fe64 (webtiles) character file.

67 Jens78 the Insei (level 4, 0/28 HPs)
             Began as an Octopode Transmuter on June 8, 2018.
             Succumbed to a worker ant's poison
             ... on level 3 of the Dungeon.
             The game lasted 00:12:13 (2020 turns).

Jens78 the Insei (Octopode Transmuter)              Turns: 2020, Time: 00:12:14

Health: 0/28       AC:  1    Str:  9    XL:     4   Next: 16%
Magic:  6/7        EV: 13    Int: 15    God:
Gold:   85         SH:  0    Dex: 13    Spells: 6/7 levels left

rFire    . . .     SeeInvis .     - Unarmed
rCold    . . .     Gourm    .   (no shield)
rNeg     . . .     Faith    .   (helmet restricted)
rPois    .         Spirit   .   (no amulet)
rElec    .         Reflect  .   (no ring)
rCorr    .         Harm     .   (no ring)
MR       .....                  (no ring)
Stlth    +++.......             (no ring)
HPRegen  0.09/turn              (no ring)
MPRegen  0.10/turn              (no ring)
                                (no ring)
                                (no ring)

@: lethally poisoned (0 -> -16), appendage (expiring)
A: almost no armour, stealthy swim, amphibious, 8 rings, constrict 8, tentacle
spike 3, camouflage 1, gelatinous body 1
a: End Transformation


You were on level 3 of the Dungeon.
You were not hungry.
One of your tentacles had a temporary spike.
You visited 1 branch of the dungeon, and saw 4 of its levels.

You collected 85 gold pieces.

Inventory:

Hand Weapons
 f - a +2 hunting sling of velocity
 k - a +2 spear of piercing
 o - a +0 whip of draining
Missiles
 a - 49 arrows
 j - 29 stones (quivered)
Jewellery
 d - a +5 ring of strength {unknown}
Scrolls
 l - a scroll of teleportation {unknown}
 n - a scroll of identify {unknown}
 p - a scroll of fear {unknown}
 s - a scroll of magic mapping {unknown}
Potions
 e - 2 potions of haste {unknown}
 g - 2 potions of mutation {unknown}
 i - 3 potions of agility {unknown}
 q - a potion of curing {unknown}
Books
 b - a book of Changes

   Spells                             Type                      Level
   a - Beastly Appendage              Transmutation                1
   b - Sticks to Snakes               Transmutation                2
   c - Spider Form                    Transmutation/Poison         3
   d - Ice Form                       Ice/Transmutation            4
   e - Blade Hands                    Transmutation                5
 r - a book of Air

   Spells                             Type                      Level
   a - Shock                          Conjuration/Air              1
   b - Swiftness                      Charms/Air                   2
   c - Static Discharge               Conjuration/Air              3
   d - Airstrike                      Air                          4
   e - Lightning Bolt                 Conjuration/Air              5
Comestibles
 c - 6 rations
 m - 4 chunks of flesh


   Skills:
 + Level 1.2 Fighting
 + Level 2.3 Dodging
 * Level 2.4 Stealth
 * Level 4.2 Unarmed Combat
 - Level 2.0 Spellcasting
 - Level 2.0 Transmutations


You had 6 spell levels left.
You knew the following spells:

 Your Spells              Type           Power        Failure   Level  Hunger
a - Beastly Appendage     Tmut           #.....       10%         1    #......


Dungeon Overview and Level Annotations

Branches:
Dungeon (4/15)
 Temple: D:4-7

Altars:
Hepliaklqana


Innate Abilities, Weirdness & Mutations

You cannot wear most types of armour.
You are very stealthy in the water. (Stealth+)
You are amphibious.
You can wear up to eight rings at the same time.
You can use your tentacles to constrict eight enemies at once.
Your skin changes colour to match your surroundings (Stealth+).
Your rubbery body absorbs attacks. (AC +1, EV +1)
One of your tentacles bears a large vicious spike.


Message History

There is a stone staircase leading down here.
Casting: Beastly Appendage
Confirm with . or Enter, or press ? or * to list all spells.
One of your tentacles grows a vicious spike.
You feel sick. The worker ant closely misses you.
You tentacle-slap the worker ant. You grab the worker ant.
The worker ant is lightly wounded.
You constrict the worker ant, but do no damage.
You feel sick. The worker ant bites you!
* * * LOW HITPOINT WARNING * * *
You are more poisoned.
The worker ant poisons you! The worker ant bites you.
* * * LOW HITPOINT WARNING * * *
Okay, then.
Okay, then.
As you read the scroll labeled LEHIAS MURHAE, it crumbles to dust.
You feel blessed for a moment.
It was a scroll of remove curse.
Your transformation is almost over.
You constrict the worker ant, but do no damage.
You die...

.. .... .#.o.
..... #.#.#
#.#.# #.#.#
########...##
........a>..#
####..<@...#
##......#
#......#
#........#
##########


You could see a worker ant.

Vanquished Creatures
  An adder (D:2)
  An ooze (D:2)
  2 worms (D:2)
  3 leopard geckos
  4 giant cockroaches (D:1)
  2 goblins
  6 hobgoblins
  2 jackals (D:2)
  A quokka (D:2)
  7 bats
  3 frilled lizards
  6 kobolds
  6 rats
44 creatures vanquished.

Notes
Turn   | Place    | Note
-------+----------+-------------------------------------------
     0 | D:1      | Jens78 the Octopode Transmuter began the quest for the Orb.
     0 | D:1      | Reached XP level 1. HP: 13/13 MP: 3/3
   166 | D:1      | Reached XP level 2. HP: 18/18 MP: 3/5
   549 | D:1      | Reached skill level 1 in Stealth
   763 | D:1      | Reached XP level 3. HP: 18/23 MP: 4/6
  1125 | D:1      | Reached skill level 4 in Unarmed Combat
  1666 | D:2      | Found a hazy altar of Hepliaklqana.
  1719 | D:2      | Reached XP level 4. HP: 20/28 MP: 7/7
  2019 | D:3      | HP: 1/28 [worker ant (5)]
  2020 | D:3      | Succumbed to a worker ant's poison

Skill      XL: |  1  2  3 |
---------------+----------+-----
Stealth        | 1 2 |  2.4
Unarmed Combat | 4 |  4.2
Fighting       | |  1.2
Dodging        | |  2.3
Spellcasting   | |  2.0
Transmutations | |  2.0

Action                   |  1- 3 |  4- 6 || total
-------------------------+-------+-------++-------
Melee: Unarmed           |    71 |    18 ||    89
       Constrict         |    22 |     7 ||    29
       Kick              |    13 |     1 ||    14
       Tentacles         |     8 |     3 ||    11
       Punch             |       |     2 ||     2
 Cast: Beastly Appendage |    25 |     7 ||    32
  Use: Scroll            |       |     1 ||     1
 Stab: Sleeping          |     8 |     4 ||    12
  Eat: Chunk             |     3 |     1 ||     4
Armor: Skin              |     3 |       ||     3
Dodge: Dodged            |    30 |     6 ||    36
